 Dungeon Crawl Stone Soup version 0.20.1-1-g8b1a95d (webtiles) character file.

95 Goboxel the Slasher (level 4, 0/40 HPs)
             Began as a Draconian Monk on July 30, 2017.
             Slain by an orc wizard
             ... wielding a +0 dagger
              (1 damage)
             ... on level 3 of the Dungeon.
             The game lasted 00:03:52 (2304 turns).

Goboxel the Slasher (Draconian Monk)                Turns: 2304, Time: 00:03:53

Health: 0/40       AC:  5    Str: 13    XL:     4   Next: 39%
Magic:  4/4        EV: 13    Int: 11    God:
Gold:   194        SH:  0    Dex: 14    Spells: 3/3 levels left

rFire    . . .     SeeInvis .   a - +1 long sword
rCold    . . .     Gourm    .   (no shield)
rNeg     . . .     Faith    .   (armour unavailable)
rPois    .         Spirit   .   (helmet restricted)
rElec    .         Reflect  .   (no cloak)
rCorr    .         Harm     .   (no gloves)
MR       .....                  (no boots)
Stlth    ++........             (no amulet)
Regen    0.2/turn               (no ring)
MPRegen  0.1/turn               (no ring)

@: no status effects
A: unfitting armour, cold-blooded, AC +5
a: no special abilities


You were on level 3 of the Dungeon.
You were hungry.

You visited 1 branch of the dungeon, and saw 4 of its levels.

You collected 194 gold pieces.

Inventory:

Hand Weapons
 a - a +1 long sword (weapon)
Scrolls
 g - 2 scrolls of teleportation
 p - a scroll of fear
Potions
 d - a potion of berserk rage {unknown}
 e - 2 potions of lignification {unknown}
 h - 6 potions of curing
 i - a potion of heal wounds {unknown}
 l - a potion of agility
 n - a potion of brilliance {unknown}
Comestibles
 b - 2 bread rations
 c - 3 fruits
 f - 3 meat rations


   Skills:
 + Level 4.0 Fighting
 * Level 4.3 Long Blades
 + Level 3.2 Dodging
 - Level 1.7 Stealth


You had 3 spell levels left.
You didn't know any spells.

Dungeon Overview and Level Annotations

Branches:
Dungeon (4/15)
 Temple: D:4-7

Altars:
Gozag


Innate Abilities, Weirdness & Mutations

Your plain brown scales are hard. (AC +5)
You cannot fit into any form of body armour.
You are cold-blooded and may be slowed by cold attacks.


Message History

The orc wizard misses you.
The orc wizard hits you but does no damage.
You barely miss the orc wizard.
Your tail-slap misses the orc wizard.
The orc wizard is almost dead.
The orc wizard closely misses you.
You bump into the rock wall.
You feel less confused.
The orc wizard points at you and mumbles some strange words.
The puff of flame hits you!
* * * LOW HITPOINT WARNING * * *
Unknown command.
You closely miss the orc wizard.
You tail-slap the orc wizard, but do no damage.
The orc wizard is almost dead.
The orc wizard closely misses you.
The orc wizard hits you but does no damage.
You closely miss the orc wizard.
The orc wizard is almost dead.
The orc wizard hits you with a dagger.
You die...

### #<# #"####### #.......#
#######.# #####.##############
#......#>..........######
#.###....[..o@####......# #.#
#).#..#...# ##.....# #.#
#.....#...# #.....#
##.####....#...# #.....#
#..........#...#####.....######
#..#####...........+.....'.....
#..##..+.....#.#####.....######
#..##..#...#.#.# #.....#
#..#.........#.# #.....#


You could see an orc wizard.

Vanquished Creatures
  2 adders
  An ooze (D:1)
  2 worms (D:3)
  2 leopard geckos
  7 orcs
  3 giant cockroaches (D:1)
  7 goblins
  4 hobgoblins
  5 jackals
  4 kobolds
  A quokka (D:2)
  8 bats
  6 frilled lizards
  7 rats
59 creatures vanquished.

Notes
Turn   | Place    | Note
-------+----------+-------------------------------------------
     0 | D:1      | Goboxel the Draconian Monk began the quest for the Orb.
     0 | D:1      | Reached XP level 1. HP: 19/19 MP: 1/1
   251 | D:1      | Reached XP level 2. HP: 22/26 MP: 2/2
   606 | D:1      | Reached XP level 3. HP: 28/31 MP: 3/3
   810 | D:2      | Found an opulent altar of Gozag.
  1468 | D:3      | Found a faded altar of an unknown god.
  1517 | D:3      | Reached XP level 4. HP: 27/40 MP: 4/4
  2302 | D:3      | HP: 1/40 [orc wizard/puff of flame (4)]
  2304 | D:3      | Slain by an orc wizard

Skill      XL: |  1  2  3  4 |
---------------+-------------+-----
Dodging        | 3 |  3.2
Long Blades    | 4 |  4.3
Fighting       | 4 |  4.0
Stealth        | |  1.7

Action                   |  1- 3 |  4- 6 || total
-------------------------+-------+-------++-------
Melee: Falchion          |    71 |       ||    71
       Tailslap          |    12 |     6 ||    18
       Long sword        |    18 |    45 ||    63
  Use: Scroll            |     4 |     5 ||     9
 Stab: Sleeping          |     5 |     1 ||     6
  Eat: Chunk             |     2 |     2 ||     4
Armor: Skin              |    32 |    19 ||    51
Dodge: Dodged            |    83 |    34 ||   117
       Rpst.: Falchion   |    32 |       ||    32
       Long sword        |     1 |     9 ||    10
